 Dungeon Crawl Stone Soup version 0.18-a0-1730-g73f0523 (webtiles) character file.

6724 st0uf the Blocker (level 11, -11/85 HPs)
             Began as a Formicid Fighter on Apr 10, 2016.
             Was an Elder of Qazlal.
             Mangled by an orc knight
             ... wielding a +0 war axe
              (27 damage)
             ... in a bailey.
             The game lasted 00:44:15 (9055 turns).

st0uf the Blocker (Formicid Fighter)                Turns: 9055, Time: 00:44:16

Health: -11/85     AC: 10    Str: 25    XL:     11   Next: 24%
Magic:  16/16      EV: 12    Int:  9    God:    Qazlal [****..]
Gold:   462        SH: 17    Dex: 13    Spells: 0 memorised, 10 levels left

rFire  . . .     SeeInvis +     a - +0 quarterstaff
rCold  + . .     Gourm    .     y - +1 scale mail {rC+}
rNeg   . . .     Faith    .     c - +0 shield
rPois  .         Spirit   .     (helmet unavailable)
rElec  .         Dismiss  .     K - +0 cloak
rCorr  .         Reflect  .     (no gloves)
SustAt .         Harm     .     (no boots)
MR     +....                    (no amulet)
Stlth  ..........               u - +5 ring of strength
                                t - ring of flight

@: repel missiles, somewhat resistant to hostile enchantments, extremely
unstealthy
A: permanent stasis, dig shafts and tunnels, four strong arms, antennae 3
a: Dig, Shaft Self, Upheaval, Elemental Force, Renounce Religion, Evoke Flight


You were in a bailey.
You worshipped Qazlal.
Qazlal was greatly pleased with you.
You were hungry.

You visited 2 branches of the dungeon, and saw 10 of its levels.
You also visited: Bailey.

You collected 462 gold pieces.

Inventory:

Hand Weapons
 a - a +0 quarterstaff (weapon)
 z - a +0 blowgun
Missiles
 i - 193 stones (quivered)
 k - 41 sling bullets
 o - 71 poisoned needles
Armour
 c - a +0 shield (worn)
 y - a +1 scale mail of cold resistance (worn)
 K - a +0 cloak (worn)
 L - a +1 mottled dragon armour
Jewellery
 t - a ring of flight (left hand)
 u - a +5 ring of strength (right hand)
Wands
 F - a wand of digging (4/24)
Scrolls
 b - 2 scrolls of enchant armour {unknown}
 e - 4 scrolls of remove curse
 j - 2 scrolls of fog {unknown}
 m - 4 scrolls of identify {unknown}
 n - 3 scrolls of recharging {unknown}
 p - 4 scrolls of teleportation {unknown}
 r - a scroll of magic mapping {unknown}
 x - a scroll of enchant weapon {unknown}
 B - a scroll of vulnerability {unknown}
 D - a scroll of fear {unknown}
 G - a scroll of immolation {unknown}
Potions
 d - a potion of might
 g - 4 potions of agility {unknown}
 q - 4 potions of haste {unknown}
 v - a potion of berserk rage {unknown}
 A - a potion of heal wounds {unknown}
 C - 2 potions of magic {unknown}
 E - 2 potions of curing {unknown}
 I - a potion of mutation {unknown}
 M - a potion of beneficial mutation {unknown}
Miscellaneous
 w - a plain deck of escape
Comestibles
 f - 5 bread rations
 h - 9 meat rations
 l - 5 beef jerkies
 s - 3 fruits
 J - 10 royal jellies


   Skills:
 + Level 7.7 Fighting
 + Level 8.2 Staves
 + Level 0.8 Throwing
 + Level 7.9 Armour
 + Level 4.9 Dodging
 + Level 9.8 Shields
 * Level 7.1 Invocations


You had 10 spell levels left.
You didn't know any spells.

Dungeon Overview and Level Annotations

Branches:
Dungeon (9/15)             Temple (1/1) D:5
   Lair: D:8-11         Orc: D:9-12

Altars:
Ashenzari
Cheibriados
Dithmenos
Elyvilon
Fedhas
Gozag
Kikubaaqudgha
Nemelex Xobeh
Okawaru
Pakellas
Qazlal
Ru
Sif Muna
Trog
Vehumet
Xom
Yredelemnul
Zin
The Shining One


Innate Abilities, Weirdness & Mutations

You are under a permanent stasis effect.
You can dig through walls and to a lower floor.
Your four strong arms can wield two-handed weapons with a shield.
You have a pair of large antennae on your head (SInv).


Message History

You barely miss the orc knight.
The orc knight is lightly wounded.
The orc knight is engulfed in roaring flames.
The orc knight hits you with a war axe.
* * * LOW HITPOINT WARNING * * *
You are feeling hungry.
Your scale mail prevents you from hitting the orc knight.
The orc knight is moderately wounded.
The orc knight is engulfed in roaring flames.
You block the orc knight's attack.
You hit the orc knight but do no damage.
The orc knight is moderately wounded.
The orc knight is engulfed in roaring flames.
You block the orc knight's attack.
You closely miss the orc knight.
The orc knight is heavily wounded.
You closely miss the orc knight.
The orc knight is heavily wounded.
The orc knight hits you with a war axe!!
You die...

........## ##...).....##
...⌠.....#######.....⌠.....#
.....)..##.....##.........##
.....)).#.......#.........#
......)##.......##)......##
.......)........)'.......#
#.....##..)...§.)##.....##
#######.))).⌠.§.o.#######
##....).).@## #.......§.#
##...)...## #.......#
##.))..## ♣♣##)))##♣♣
♣...).....♣ ♣♣........)♣♣
♣.....∩...).♣


You could see an orc knight.

Vanquished Creatures
  An orc warlord (Bailey)
  An unseen horror (D:8)
  Pikel (D:5)
  An orc knight (Bailey)
  Sigmund (D:3)
  A hungry ghost (D:7)
  A hippogriff (D:8)
  12 orc warriors
  A sky beast (D:7)
  5 ogres
  2 phantoms
  A centaur (D:9)
  2 big kobolds
  4 giant frogs
  2 scorpions
  A howler monkey (D:9)
  4 crimson imps
  2 hounds
  2 orc priests (D:6)
  4 jellies
  An iguana (D:7)
  4 orc wizards
  A gnoll shaman (D:8)
  8 worker ants
  A hound zombie (D:8)
  12 gnolls
  16 adders
  A shadow imp (D:3)
  9 oozes
  An adder skeleton (D:7)
  An adder zombie (D:5)
  3 worms
  A dart slug (D:1)
  4 giant geckos
  32 orcs
  2 ball pythons
  7 bats
  6 giant cockroaches
  25 hobgoblins
  4 jackals
  2 quokkas
  A giant cockroach zombie (D:6)
  A giant gecko skeleton (D:8)
  8 giant newts
  30 goblins
  24 kobolds
  6 rats
  A plant (D:8)
261 creatures vanquished.

Vanquished Creatures (others)
  2 orc priests (D:6)
  An iguana (D:6)
  5 sheep (D:5)
  An orc (D:6)
9 creatures vanquished.

Grand Total: 270 creatures vanquished

Notes
Turn   | Place    | Note
--------------------------------------------------------------
     0 | D:1      | st0uf the Formicid Fighter began the quest for the Orb.
     0 | D:1      | Reached XP level 1. HP: 18/18 MP: 1/1
    96 | D:1      | Reached XP level 2. HP: 24/24 MP: 2/2
   155 | D:1      | Reached skill level 4 in Shields
   377 | D:1      | Reached XP level 3. HP: 29/29 MP: 3/3
   928 | D:2      | Found a glowing silver altar of Zin.
   955 | D:2      | Reached XP level 4. HP: 18/37 MP: 4/4
  1946 | D:3      | Reached XP level 5. HP: 38/42 MP: 5/5
  2273 | D:3      | Found a deep blue altar of Sif Muna.
  2283 | D:3      | Reached skill level 1 in Dodging
  2294 | D:3      | Found a glowing golden altar of the Shining One.
  2428 | D:3      | Noticed Sigmund
  2449 | D:3      | Killed Sigmund
  2449 | D:3      | Reached skill level 5 in Shields
  2449 | D:3      | Reached XP level 6. HP: 28/49 MP: 6/6
  2810 | D:4      | Reached XP level 7. HP: 42/55 MP: 7/7
  2988 | D:4      | Reached skill level 5 in Armour
  3602 | D:4      | Reached skill level 5 in Fighting
  3876 | D:4      | Reached XP level 8. HP: 36/62 MP: 8/8
  4010 | D:5      | Entered Level 5 of the Dungeon
  4054 | D:5      | Reached skill level 6 in Shields
  4380 | D:5      | Found a staircase to the Ecumenical Temple.
  4394 | Temple   | Entered the Ecumenical Temple
  4418 | Temple   | Became a worshipper of Qazlal Stormbringer
  4492 | D:5      | Reached skill level 1 in Invocations
  4710 | D:5      | Found a shimmering altar of Xom.
  5168 | D:6      | Reached skill level 5 in Staves
  5730 | D:6      | Noticed Pikel
  5767 | D:5      | Killed Pikel
  5767 | D:5      | Reached skill level 7 in Shields
  5767 | D:5      | Reached XP level 9. HP: 64/69 MP: 9/11
  6051 | D:7      | Found an iron altar of Okawaru.
  6490 | D:7      | Reached * piety under Qazlal
  7119 | D:8      | Reached ** piety under Qazlal
  7304 | D:8      | Found a shadowy altar of Dithmenos.
  7342 | D:8      | Reached XP level 10. HP: 77/77 MP: 13/13
  7360 | D:8      | Reached skill level 5 in Invocations
  7400 | D:8      | Found a sacrificial altar of Ru.
  7402 | D:8      | Found a white marble altar of Elyvilon.
  7486 | D:8      | Reached skill level 8 in Shields
  7591 | D:8      | Noticed an unseen horror
  7950 | D:8      | Killed an unseen horror
  8244 | D:9      | Found a flagged portal.
  8253 | Bailey   | Entered a bailey
  8440 | Bailey   | Reached *** piety under Qazlal
  8522 | Bailey   | Noticed an orc warlord
  8552 | Bailey   | Killed an orc warlord
  8552 | Bailey   | Reached skill level 9 in Shields
  8552 | Bailey   | Reached XP level 11. HP: 21/84 MP: 14/16
  8710 | Bailey   | Noticed an orc knight
  8738 | Bailey   | Killed an orc knight
  8985 | Bailey   | Reached **** piety under Qazlal
  8998 | Bailey   | Noticed an orc knight
  9055 | Bailey   | Mangled by an orc knight

Vault maps used:
D:1:      minmay_arrival_five_plusses, serial_bayou_pond_b, st_stairs_3
D:2:      zin_academy
D:3:      minitemple, uniq_sigmund
D:4:      first_bread, amalloy_card_club
D:5:      minmay_temple_entry_mist, kb_xom_exploding_sheep
D:6:      minmay_misc_feat_ornament, uniq_pikel
D:7:      overflow_temple_1_default
D:8:      gammafunk_temple_overflow_forgotten, hangedman_little_slice_of_home,
          st_stairs_12
D:9:      kennysheep_mini, serial_shops, shop, enter_bailey_3
Temple:   circular_temple_12
Bailey:   bailey_axe_minmay_hex_keep, bailey

Skill      XL: |  1  2  3  4  5  6  7  8  9 10 11 |
---------------+----------------------------------+-----
Shields        | 4 5 7 9 |  9.8
Fighting       | 4 5 6 7 |  7.7
Armour         | 4 5 6 7 |  7.9
Dodging        | 1 2 3 4 |  4.9
Staves         | 3 4 5 6 7 8 |  8.2
Invocations    | 3 4 6 7 |  7.1
Throwing       | |  0.8

Action                   |  1- 3 |  4- 6 |  7- 9 | 10-12 || total
-------------------------+-------+-------+-------+-------++-------
Melee: Quarterstaff      |   110 |   148 |   411 |   309 ||   978
 Fire: Blowgun           |       |       |     6 |     2 ||     8
Throw: Stone             |       |       |     4 |       ||     4
 Abil: Dig               |       |       |     5 |     1 ||     6
  Use: Scroll            |       |       |       |     1 ||     1
       Potion            |       |       |       |     1 ||     1
  Eat: Chunk             |       |     6 |    17 |     6 ||    29
